 Dungeon Crawl Stone Soup version 0.29-a0-2-g12fcac58f8 (webtiles) character file.

Game seed: 10009651247543654827

20 hashsling the Shield-Bearer (level 3, 0/26 HPs)
             Began as a Human Wanderer on Jan 26, 2022.
             Succumbed to an adder's poison
             ... on level 2 of the Dungeon.
             The game lasted 00:02:16 (1345 turns).

hashsling the Shield-Bearer (Human Wanderer)        Turns: 1345, Time: 00:02:17

Health: 0/26       AC:  3    Str: 11    XL:     3   Next: 0%
Magic:  0/4        EV: 12    Int: 13    God:
Gold:   80         SH:  7    Dex: 14    Spells: 3/4 levels left

rFire   . . .      SeeInvis .   a - +0 dagger
rCold   . . .      Faith    .   d - +2 buckler
rNeg    . . .      Spirit   .   c - +0 robe
rPois   .          Reflect  .   (no helmet)
rElec   .          Harm     .   b - +0 cloak
rCorr   .          Rampage  .   (no gloves)
Will    .....                   (no boots)
Stlth   ++........              (no amulet)
HPRegen 0.08/turn               (no ring)
MPRegen 0.09/turn               (no ring)

@: lethally poisoned (0 -> -4), very slightly contaminated
A: no striking features
a: no special abilities


You were on level 2 of the Dungeon.
You visited 1 branch of the dungeon, and saw 2 of its levels.

You collected 80 gold pieces.

Inventory:

Hand Weapons
 a - a +0 dagger (weapon)
Armour
 b - a +0 cloak (worn)
 c - a +0 robe (worn)
 d - a +2 buckler (worn)
 f - a +0 leather armour
Scrolls
 e - a scroll of fog {unknown}
 g - a scroll of magic mapping {unknown}
 h - 2 scrolls of identify {unknown}
 k - a scroll of brand weapon {unknown}
 m - a scroll of enchant armour {unknown}
Potions
 i - a potion of curing {unknown}
 j - a potion of degeneration {unknown}
 l - a potion of might {unknown}


   Skills:
 + Level 1.5 Fighting
 - Level 1.0 Throwing
 + Level 2.3 Dodging
 - Level 1.0 Stealth
 + Level 3.2 Shields
 - Level 1.0 Spellcasting
 + Level 1.5 Ice Magic


You had 3 spell levels left.
You knew the following spells:

 Your Spells              Type           Power      Damage    Failure   Level
a - Freeze                Ice            16%        1d4       21%         1

Your spell library contained the following spells:

 Spells                   Type           Power      Damage    Failure   Level
 Frozen Ramparts          Ice            8%         1d2       52%         3
 Dazzling Flash           Conj/Hex       0%         N/A       73%         3
 Gell's Gravitas          Tloc           0%         N/A       73%         3
 Lesser Beckoning         Tloc           0%         N/A       73%         3
 Teleport Other           Tloc           0%         N/A       73%         3
 Agony                    Necr           0%         N/A       100%        5
 Silence                  Hex/Air        0%         N/A       100%        5


Dungeon Overview and Level Annotations

Branches:
Dungeon (2/15)

Altars:


Message History

The adder is heavily wounded.
The adder bites you.
You are poisoned.
The adder poisons you!
You miscast Freeze.
Nothing appears to happen.
You feel sick. The adder bites you but does no damage.
You miss the adder.
The adder is heavily wounded.
You feel sick. The adder bites you but does no damage.
The rat twitches its whiskers.
The adder bites you.
You are more poisoned.
The adder poisons you!
You feel sick.
You feel sick.
You hit the adder but do no damage.
The adder is heavily wounded.
You feel sick. The adder bites you.
* * * LOW HITPOINT WARNING * * *
You are lethally poisoned!
The adder poisons you! You block the adder's attack.
You hit the adder.
The adder is heavily wounded.
* * * LOW HITPOINT WARNING * * *
You feel sick. The adder bites you but does no damage.
You barely miss the adder.
The adder is heavily wounded.
* * * LOW HITPOINT WARNING * * *
You feel sick. The adder barely misses you.
Aiming: Freeze (safe; 21% risk of failure)
Press: ? - help, Q - select action Shift-Dir - straight line, f/p - adder
Aim: an adder (heavily wounded)
You freeze the adder.
The adder is severely wounded.
The adder seems to slow down.
* * * LOW HITPOINT WARNING * * *
You feel sick. The adder closely misses you.
You closely miss the adder.
The adder is severely wounded.
You die...

#..##............#
#...#.##.###.#####
..#...##.....#
###.......#### .#
........### ###.)
###.##..########.#.8
# #..............#.#
#..........###.#.#
#.........## #@#.##
###....###### #S#.?#
#....### #r..8#
....## ######
.....## ......#
......# ......#
......#


You could see an adder (slow) and a rat.

Vanquished Creatures
  A dart slug (D:1)
  2 ball pythons (D:1)
  A bat (D:1)
  2 giant cockroaches (D:1)
  2 goblins (D:1)
  A hobgoblin (D:1)
  A jackal (D:1)
  A kobold (D:1)
  A quokka (D:2)
  3 rats
15 creatures vanquished.

Notes
Turn   | Place    | Note
-------+----------+-------------------------------------------
     0 | D:1      | hashsling the Human Wanderer began the quest for the Orb.
     0 | D:1      | hashsling set off with the following items: a +0 dagger, a
                  | +0 cloak, a +0 robe, a +2 buckler; and the following spell
                  | memorised: Freeze; and the following spells available to
                  | memorise: Frozen Ramparts
     0 | D:1      | Reached XP level 1. HP: 15/15 MP: 2/2
   279 | D:1      | Found a faded altar of an unknown god.
   437 | D:1      | Reached XP level 2. HP: 15/21 MP: 1/3
  1184 | D:2      | Reached XP level 3. HP: 26/26 MP: 4/4
  1345 | D:2      | Succumbed to an adder's poison

Illustrated notes

Levels and vault maps discovered:
D:1:      psy_arrival_radial01, layout_basic, ebering_ecumenical_altar_mist,
          minmay_bisected
D:2:      wad_river_or_something, layout_rooms, roderic_lattice_a,
          minmay_misc_feat_iff, uniq_robin

Action                   || total
-------------------------++-------
Melee: Dagger            ||    75
 Cast: Freeze            ||     7
Armor: Robe              ||    21
Dodge: Dodged            ||    67
Block: Buckler           ||    38

Table legend: (Time is in decaauts)
 A = Elapsed time spent in this place.
 B = Non-inter-level travel time spent in this place.
 C = Inter-level travel time spent in this place.
 D = Time resting spent in this place.
 E = Time spent auto-exploring this place.
 F = Levels seen in this place.
 G = Mean time per level.
                   A        B        C        D        E       F      G
               +--------+--------+--------+--------+--------+-----+--------+
         Total |   1347 |   1331 |     16 |      0 |   1139 |   2 |  673.5 |
       Dungeon |   1347 |   1331 |     16 |      0 |   1139 |   2 |  673.5 |
               +--------+--------+--------+--------+--------+-----+--------+

Top non-repeatable levels by time:
     D:1: 1101 daAuts
     D:2: 246 daAuts
